 Dungeon Crawl Stone Soup version 0.31-a0-1-g4198be8af4 (webtiles) character file.

Game seed: 3074363379115588040

126 cforsyth the Trooper (level 4, -2/35 HPs)
             Began as a Vampire Fighter on May 1, 2023.
             Slain by Grinder (6 damage)
             ... on level 2 of the Dungeon.
             The game lasted 00:02:59 (2500 turns).

cforsyth the Trooper (Vampire Fighter)              Turns: 2500, Time: 00:03:00

Health: -2/35      AC:  6    Str: 15    XL:     4   Next: 84%
Magic:  4/4        EV:  8    Int: 10    God:
Gold:   110        SH:  5    Dex: 15    Spells: 3/3 levels left

rFire   . . .        a - +0 long sword
rCold   . . .        c - +0 buckler
rNeg    . . .        b - +0 scale mail
rPois   .            (no helmet)
rElec   .            (no cloak)
rCorr   +            (no gloves)
SInv    +            (no boots)
Will    .....        (no amulet) Stlth
                     f - ring of resist corrosion
HPRegen 0.45/turn    (no ring)
MPRegen 0.09/turn

%: no passive effects
@: healing quickly
A: alive, fangs 3, see invisible, vampiric 2
a: Exsanguinate


You were on level 2 of the Dungeon.
You visited 1 branch of the dungeon, and saw 3 of its levels.

You collected 110 gold pieces.

Inventory:

Hand Weapons
 a - a +0 long sword (weapon)
Armour
 b - a +0 scale mail (worn)
 c - a +0 buckler (worn)
Jewellery
 f - a ring of resist corrosion (left hand)
Scrolls
 e - 4 scrolls of identify {unknown}
 j - 2 scrolls of magic mapping {unknown}
 k - 2 scrolls of teleportation {unknown}
 p - a scroll of immolation {unknown}
Potions
 d - 2 potions of might
 g - a potion of heal wounds {unknown}
 h - a potion of haste {unknown}
 i - 2 potions of flight {unknown}
 l - 2 potions of invisibility {unknown}
 m - a potion of mutation {unknown}
 n - 3 potions of curing {unknown}
 o - a potion of magic {unknown}


   Skills:
 + Level 3.4 Fighting
 + Level 3.0 Long Blades
 + Level 3.1 Armour
 + Level 3.4 Shields


You had 3 spell levels left.
You didn't know any spells.
Your spell library contained the following spells:

 Spells                   Type           Power      Damage    Failure   Level
 Freeze                   Ice            0%         1d3       88%         1
 Momentum Strike          Conj/Tloc      0%         3d8       96%         2
 Frozen Ramparts          Ice            0%         1d1       99%         3
 Vhi's Electric Charge    Tloc/Air       0%         N/A       99%         3
 Manifold Assault         Tloc           0%         N/A       100%        4


Dungeon Overview and Level Annotations

Branches:
Dungeon (3/15)

Altars:
Okawaru

Shops:
D:3 =?(

Annotations:
D:2 Grinder


Innate Abilities, Weirdness & Mutations

Your natural rate of healing is accelerated.
You have razor-sharp teeth.
You have supernaturally acute eyesight. (SInv)
You are afflicted with vampirism and can become a bat while bloodless.


Message History

Grinder gestures at you.
You suddenly lose the ability to move!
You stop ascending the stairs.
Grinder hits you!
You writhe in agony.
You can move again.
Unknown command.
Unknown command.
Unknown command.
Grinder hits you but does no damage.
You climb upwards.
There is a stone staircase leading down here.
Unknown command.
You closely miss Grinder. You bite Grinder.
Grinder is lightly wounded.
Grinder gestures at you.
You barely resist. You block Grinder's attack.
You hit Grinder.
Grinder is lightly wounded.
Grinder gestures at you. Pain shoots through your body!
You hit Grinder but do no damage. Your bite misses Grinder.
Grinder is lightly wounded.
Grinder gestures at you. Pain shoots through your body!
* * * LOW HITPOINT WARNING * * *
You hit Grinder. Your bite misses Grinder.
Grinder is moderately wounded.
Grinder hits you but does no damage. Grinder hits you.
* * * LOW HITPOINT WARNING * * *
You closely miss Grinder. You bite Grinder, but do no damage.
Grinder is moderately wounded.
Grinder hits you but does no damage.
You barely miss Grinder.
Grinder is moderately wounded.
You block Grinder's attack.
You slash Grinder!
Grinder is heavily wounded.
Grinder hits you.
* * * LOW HITPOINT WARNING * * *
You writhe in agony.
You die...

##..###.#.##..........#
#...###.#.............###
#...##..####.###........#
........####.###........#
#########.....##........# .....#
##.##..###..#####
####.#####.##..###..#
.................5..#############
.........#.##.#.@....[...........
.........#.##.#####.###########.#
......####.#..............# #.#
###...'.............#####.# #.#
#...#######.#####.# #.# #.#
#...#.............#####.# #.#
#...#####.#.#...........# #.#
##.## #.#.##..#.###########.# #.#
#.#.#.................#


You could see Grinder.

Vanquished Creatures
  Terence (D:2)
  4 adders
  3 dart slugs
  An orc (D:3)
  8 ball pythons
  2 endoplasms
  A giant cockroach (D:1)
  5 goblins
  3 hobgoblins
  3 quokkas (D:1)
  9 bats
  6 frilled lizards
  11 kobolds
  2 rats
59 creatures vanquished.

Notes
Turn   | Place    | Note
-------+----------+-------------------------------------------
     0 | D:1      | cforsyth the Vampire Fighter began the quest for the Orb.
     0 | D:1      | Reached XP level 1. HP: 17/17 MP: 1/1
   198 | D:1      | Reached XP level 2. HP: 23/23 MP: 2/2
   955 | D:2      | Gained mutation: You are afflicted with vampirism and can
                  | become a bat while bloodless. [Vampire growth]
   955 | D:2      | Reached XP level 3. HP: 29/29 MP: 3/3
   974 | D:2      | Found a faded altar of an unknown god.
  1433 | D:2      | Reached XP level 4. HP: 21/35 MP: 4/4
  1482 | D:2      | Got the Secrets of the Translocated Glacier
  1918 | D:3      | Noticed Terence
  1944 | D:2      | Killed Terence
  2062 | D:3      | Found Vasusox's Jewellery Shoppe.
  2081 | D:3      | Found Lizxocu's Magic Scroll Boutique.
  2105 | D:3      | Found Mijoynk's Weapon Shoppe.
  2156 | D:3      | Found an iron altar of Okawaru.
  2270 | D:3      | Noticed Grinder
  2436 | D:3      | Paralysed by Grinder for 4 turns
  2490 | D:3      | Paralysed by Grinder for 2 turns
  2500 | D:2      | Slain by Grinder

Illustrated notes

Levels and vault maps discovered:
D:1:      dpeg_arrival_pond, layout_loops_corners
D:2:      minmay_recursive_quarters, layout_basic,
          hellmonk_ecumenical_altar_crossroads, corexii_corridor_pit,
          serial_park_tiny_2
D:3:      kennysheep_six_static_rooms, layout_basic, lemuel_tele_altar,
          serial_shops, shop, nicolae_shop_pleasant_corner_grove,
          nicolae_shop_stone, uniq_grinder, uniq_terence

Skill      XL: |  1  2  3  4 |
---------------+-------------+-----
Shields        | 3 |  3.4
Fighting       | 3 |  3.4
Armour         | 3 |  3.1
Long Blades    | 3 |  3.0

Action                     |  1- 3 |  4- 6 || total
---------------------------+-------+-------++-------
  Melee: Long sword        |   146 |    75 ||   221
         Bite              |     4 |    15 ||    19
 Armour: Scale mail        |   102 |    32 ||   134
  Dodge: Dodged            |    74 |    22 ||    96
  Block: Buckler           |    34 |    20 ||    54

Table legend: (Time is in decaauts)
 A = Elapsed time spent in this place.
 B = Non-inter-level travel time spent in this place.
 C = Inter-level travel time spent in this place.
 D = Time resting spent in this place.
 E = Time spent auto-exploring this place.
 F = Levels seen in this place.
 G = Mean time per level.
                   A        B        C        D        E       F      G
               +--------+--------+--------+--------+--------+-----+--------+
         Total |   2572 |   2515 |     57 |    174 |   1820 |   3 |  857.3 |
       Dungeon |   2572 |   2515 |     57 |    174 |   1820 |   3 |  857.3 |
               +--------+--------+--------+--------+--------+-----+--------+

Top non-repeatable levels by time:
     D:2: 1255 daAuts
     D:1: 955 daAuts
     D:3: 360 daAuts
